 Dungeon Crawl Stone Soup version 0.31-a0-986-g5e6e4ef867 (webtiles) character file.

Game seed: 11205834753032272092

29977 lunkers the Black Belt (level 14, 0/121 HPs)
             Began as a Meteoran Shapeshifter on Nov 3, 2023.
             Was a Believer of Ru.
             Slain by Rupert
             ... wielding a +5 heavy great sword
              (36 damage)
             ... on level 5 of the Lair of Beasts on Nov 7, 2023.
             The game lasted 00:31:12 (7199 turns).

lunkers the Black Belt (Meteoran Shapeshifter)      Turns: 7199, Time: 00:31:12

Health: 0/121      AC: 18    Str: 22    XL:     14   Next: 19%
Magic:  15/15      EV: 11    Int: 13    God:    Ru [**....]
Gold:   1846       SH:  5    Dex: 16    Spells: 13/13 levels left

rFire   + .          .
                       - Unarmed
rCold   . . .        (shield currently unavailable)
rNeg    . . .        B - +2 plate armour {rF+}
rPois   .            f - +2 helmet
rElec   .            u - +0 cloak
rCorr   .            G - +0 pair of gloves
SInv    +            L - +0 pair of boots
Will    +....        M - amulet of reflection Stlth
                     l - +6 ring of strength
HPRegen 0.40/turn    F - ring of see invisible
MPRegen 0.14/turn

%: reflection
@: mighty, flux-form, corroded, glowing
A: glow, contaminating, clumsy 1, sense surroundings 2, inability to drink after
injury 2, disrupted magic 1, otherworldly, glowing, explore regen
a: Begin Untransformation, Renounce Religion


You were on level 5 of the Lair of Beasts.
You worshipped Ru.
Ru was pleased with you.
You were something dangerously unstable.
You visited 3 branches of the dungeon, and saw 17 of its levels.
You also visited: Ossuary.

You collected 1846 gold pieces.

Inventory:

Missiles
 H - 3 throwing nets
Armour
 f - a +2 helmet (worn)
 s - +0 steam dragon scales
 u - a +0 cloak (worn)
 B - a +2 plate armour of fire resistance (worn)
 G - a +0 pair of gloves (worn)
 I - +0 acid dragon scales
 L - a +0 pair of boots (worn)
Jewellery
 l - a +6 ring of strength (left hand)
 t - a ring of fire
 F - a ring of see invisible (right hand)
 M - an amulet of reflection (around neck)
 P - an amulet of guardian spirit
Talismans
 c - a beast talisman
 d - a flux talisman (active)
 q - a blade talisman
Wands
 b - a wand of flame (18)
 j - a wand of charming (7)
 y - a wand of roots (7)
 J - a wand of mindburst (14)
 K - a wand of light (8)
Scrolls
 i - a scroll of poison
 n - 3 scrolls of identify
 o - 2 scrolls of fog
 v - 2 scrolls of revelation
 w - 2 scrolls of immolation
 E - a scroll of enchant weapon
 R - 2 scrolls of vulnerability
Potions
 a - 2 potions of brilliance
 e - 3 potions of attraction
 g - a potion of mutation
 k - 2 potions of enlightenment
 m - 2 potions of might
 x - 4 potions of heal wounds
 z - 3 potions of magic
 A - a potion of haste
 C - 2 potions of curing
 D - a potion of lignification
 O - 2 potions of ambrosia
Miscellaneous
 N - a lightning rod (4/4)


   Skills:
 + Level 10.2 Fighting
 + Level 7.2 Armour
 + Level 10.4 Dodging
 + Level 16.8 Unarmed Combat
 + Level 11.9 Shapeshifting


You had 13 spell levels left.
You didn't know any spells.
Your spell library contained the following spells:

 Spells                   Type           Power      Damage    Failure   Level
 Foxfire                  Conj/Fire      0%         2x1d4     99%         1
 Sandblast                Erth           0%         2d4       99%         1
 Sting                    Tmut/Pois      0%         1d3       99%         1
 Lesser Beckoning         Tloc           0%         N/A       100%        2
 Passwall                 Tmut/Erth      0%         N/A       100%        2
 Poisonous Vapours        Pois/Air       0%         N/A       100%        2
 Gell's Gravitas          Tloc           0%         N/A       100%        3
 Stone Arrow              Conj/Erth      0%         3d7       100%        3
 Teleport Other           Tloc           0%         N/A       100%        3
 Brom's Barrelling Bould  Conj/Erth      0%         2d3       100%        4
 Olgreb's Toxic Radiance  Pois           0%         N/A       100%        4
 Conjure Ball Lightning   Conj/Air       0%         3x3d6     100%        6
 Plasma Beam              Fire/Air       0%         2x1d10    100%        6
 Starburst                Conj/Fire      0%         6d3       100%        6
 Discord                  Hex            0%         N/A       100%        8
 Disjunction              Tloc           0%         N/A       100%        8


Dungeon Overview and Level Annotations

Branches:
Dungeon (11/15) Zot: 1070  Temple (1/1) D:5 Zot: 547    Lair (5/5) D:8 Zot: 1997
  Slime (0/5) Lair:5      Ossuary (visited)
  Swamp: Lair:2-3    Shoals: Lair:2-3     Snake: Lair:2-3    Spider: Lair:2-3
    Orc: D:9-12

Altars:
Ashenzari
Cheibriados
Dithmenos
Elyvilon
Fedhas
Gozag
Kikubaaqudgha
Makhleb
Nemelex Xobeh
Okawaru
Qazlal
Ru
Sif Muna
Trog
Uskayaw
Vehumet
Wu Jian
Xom
Yredelemnul
Zin
The Shining One
Jiyva

Shops:
D:7 :(   D:9 **   D:10 :

Annotations:
D:5 2 transporters
Lair:5 Rupert


Innate Abilities, Weirdness & Mutations

You are something dangerously unstable.
You glow with magical radiation, making you easy to see and hit.
Foes you strike become dangerously contaminated with magical radiation.
You are incapable of wielding weapons or throwing items.
You are clumsy. (Dex -2)
You passively map the area around you.
You sometimes lose the ability to drink potions when taking damage.
Your casting is slightly disrupted.
You are easily found by Zot.
You glow in the dark.
You regain HP and MP as you explore.


Message History

Unknown command.
You punch the blink frog!
The blink frog begins to glow.
The blink frog is moderately wounded.
You block the blink frog's attack.
The elephant tramples you but does no damage.
The elephant trunk-slaps you but does no damage.
The elephant tramples you but does no damage.
You block the elephant's attack.
Rupert begins to attack, but is stunned by your conviction!
Unknown command.
You closely miss the blink frog.
The blink frog is moderately wounded.
The blink frog hits you but does no damage.
The blink frog hits you.
* * * LOW HITPOINT WARNING * * *
The blink frog blinks!
The elephant closely misses you. The elephant barely misses you.
You hit the blink frog.
The blink frog glows dangerously bright.
The blink frog is moderately wounded.
The blink frog completely misses you.
Unknown command.
You hit the blink frog.
The blink frog shudders as magic cascades through it!!!
You kill the blink frog!
A manticore comes into view.
You block Rupert's attack. You block the elephant's attack.
The elephant misses you.
The harpy screeches!
You hit Rupert.
Rupert begins to glow.
Rupert is lightly wounded.
The elephant tramples you but does no damage.
The elephant barely misses you. The elephant tramples you.
* * * LOW HITPOINT WARNING * * *
You stumble backwards!
You pummel Rupert!!
Rupert glows dangerously bright.
Rupert is moderately wounded.
Rupert hits you with a +5 heavy great sword!!!
You die...
Rupert roars with triumph.

..... ~~.~* , * #~
, ,,..!.. #~H# ~
~~ #~ , , .....~
~~~## *# * ...H..
~~~~ ~~~ ~ ~~ ,
,......##~~# ~## *
......~#~~##~~~#~~
, ,
.....~Y.~.~..~~~ ,
..P..)YY........
,, , * ,
#.#P..S@p.......,
, , , ,
##...F.!......, ,
,*#.....#.......,
*
*...............,
* ,
.#..P...........,
, * *
##............. ,
*#............. *
...P.^,.##....* *
* * ,*


You could see Rupert (heavy contam), 3 elephants, a manticore, a harpy, a blink
frog and a water moccasin.

Vanquished Creatures
  Josephine (Lair:4)
  Harold (Lair:1)
  Erica (D:10)
  A two-headed ogre (D:7)
  2 death yaks (Lair:1)
  Sonja (Lair:4)
  A skyshark (Lair:4)
  A sea snake (Lair:5)
  Pikel (D:8)
  2 manticores
  7 elephants (Lair:4)
  4 black mambas
  A gargoyle (D:11)
  Psyche (D:10)
  4 cane toads
  2 torpor snails (Lair:1)
  2 rime drakes
  4 komodo dragons
  An unseen horror (D:11)
  A troll (D:11)
  3 polar bears
  2 hornets
  9 blink frogs
  2 wyverns
  A shadow (D:11)
  4 wraiths
  28 yaks
  2 basilisks (Lair:2)
  3 steam dragons
  6 acid dragons
  8 water moccasins
  7 orc warriors
  2 black bears
  3 ice beasts
  2 ogres (D:5)
  A centaur (D:7)
  A phantom (D:7)
  3 kobold brigands
  11 bullfrogs
  5 gnoll sergeants
  7 scorpions
  12 wights
  5 killer bees (D:7)
  2 howler monkeys
  4 electric eels (D:8)
  Crazy Yiuf (D:4)
  9 orc priests
  3 gnoll boudas
  4 hounds
  9 jellies
  2 iguanas (D:6)
  2 sleepcaps
  9 orc wizards
  11 mummies (Ossuary)
  A hound zombie (D:5)
  Robin (D:4)
  32 gnolls
  2 howler monkey skeletons (D:5)
  3 adders
  2 shadow imps (D:7)
  2 white imps
  An ufetubus (D:7)
  2 adder skeletons (D:5)
  A worm (D:3)
  2 dart slugs
  46 orcs
  6 ball pythons
  3 endoplasms (D:4)
  A giant cockroach (D:1)
  11 goblins
  6 hobgoblins
  3 quokkas
  3 bats
  2 frilled lizards
  3 gnoll skeletons (Ossuary)
  A goblin skeleton (Ossuary)
  8 kobolds
  2 kobold skeletons (Ossuary)
  2 orc skeletons (Ossuary)
  6 rats
  11 rat skeletons (Ossuary)
385 creatures vanquished.

Vanquished Creatures (others)
  An elephant (Lair:4)
1 creature vanquished.

Grand Total: 386 creatures vanquished

Notes
Turn   | Place    | Note
-------+----------+-------------------------------------------
     0 | D:1      | lunkers the Meteoran Shapeshifter began the quest for the
                  | Orb.
     0 | D:1      | Reached XP level 1. HP: 16/16 MP: 2/2
   283 | D:1      | Found a faded altar of an unknown god.
   315 | D:1      | Reached skill level 4 in Unarmed Combat
   315 | D:1      | Reached XP level 2. HP: 23/23 MP: 3/3
   469 | D:2      | Reached XP level 3. HP: 28/28 MP: 4/4
   961 | D:3      | Reached skill level 5 in Unarmed Combat
   961 | D:3      | Reached XP level 4. HP: 20/35 MP: 5/5
  1260 | D:3      | Reached XP level 5. HP: 30/40 MP: 6/6
  1320 | D:4      | Noticed Robin
  1347 | D:4      | Killed Robin
  1383 | D:4      | Reached skill level 6 in Unarmed Combat
  1394 | D:4      | Reached XP level 6. HP: 46/47 MP: 7/7
  1582 | D:4      | Reached skill level 5 in Shapeshifting
  1733 | D:4      | Reached skill level 7 in Unarmed Combat
  1752 | D:4      | Found a runed translucent door.
  1753 | D:4      | Noticed Crazy Yiuf
  1759 | D:4      | Killed Crazy Yiuf
  1809 | D:4      | Identified the +3 hammer of Anger {venom, rC+ rCorr Int-2
                  | Dex+3}
  1905 | D:5      | Entered Level 5 of the Dungeon
  1931 | D:5      | Reached XP level 7. HP: 47/52 MP: 8/8
  1958 | D:5      | Found a sand-covered staircase.
  1968 | Ossuary  | Entered an ossuary
  2240 | Ossuary  | Reached skill level 8 in Unarmed Combat
  2276 | Ossuary  | Identified a scroll of acquirement
  2276 | Ossuary  | Acquired 1288 gold pieces
  2313 | Ossuary  | Upgraded the game from 0.31-a0-983-g7b6862f502 to
                  | 0.31-a0-986-g5e6e4ef867
  2426 | D:5      | Reached XP level 8. HP: 59/59 MP: 9/9
  2426 | D:5      | Found a transporter.
  2562 | D:5      | Found a staircase to the Ecumenical Temple.
  2571 | Temple   | Entered the Ecumenical Temple
  2582 | Temple   | Became a worshipper of Ru the Awakened
  2666 | D:5      | Reached skill level 9 in Unarmed Combat
  2750 | D:5      | Found a transporter.
  2961 | D:5      | Gained mutation: You passively map the area around you.
                  | [Meteoran growth]
  2961 | D:5      | Reached XP level 9. HP: 9/68 MP: 10/10
  3102 | D:6      | Reached skill level 10 in Unarmed Combat
  3441 | D:6      | Reached skill level 11 in Unarmed Combat
  3503 | D:7      | Found Cebatia's Book Shop.
  3551 | D:7      | Reached XP level 10. HP: 80/80 MP: 11/11
  3552 | D:7      | Noticed a two-headed ogre
  3559 | D:7      | Killed a two-headed ogre
  3560 | D:7      | Reached skill level 5 in Fighting
  3560 | D:7      | Reached skill level 5 in Dodging
  3642 | D:7      | Reached skill level 12 in Unarmed Combat
  3657 | D:7      | Gained mutation: Your casting is slightly disrupted. [Ru
                  | sacrifice]
  3763 | D:7      | Found Tadi's Weapon Shop.
  3828 | D:7      | Reached XP level 11. HP: 89/89 MP: 12/12
  3880 | D:7      | Reached skill level 13 in Unarmed Combat
  3987 | D:8      | Noticed Pikel
  3987 | D:8      | Found a staircase to the Lair.
  3994 | D:8      | Killed Pikel
  4196 | D:8      | Found a white marble altar of Elyvilon.
  4716 | D:9      | Found Lelei's Specific Store.
  4718 | D:9      | Found Paonlyso's General Store.
  4753 | D:9      | Gained mutation: You occasionally lose the ability to drink
                  | potions when taking damage. [Ru sacrifice]
  4753 | D:9      | Gained mutation: You sometimes lose the ability to drink
                  | potions when taking damage. [Ru sacrifice]
  4753 | D:9      | Reached * piety under Ru
  4753 | D:9      | Reached ** piety under Ru
  5059 | D:10     | Entered Level 10 of the Dungeon
  5085 | D:10     | Reached skill level 14 in Unarmed Combat
  5156 | D:10     | Found Dievvier's Book Shoppe.
  5160 | D:10     | Noticed Psyche
  5166 | D:10     | Killed Psyche
  5167 | D:10     | Reached skill level 1 in Armour
  5264 | D:10     | Reached XP level 12. HP: 68/100 MP: 13/13
  5331 | D:10     | Reached skill level 10 in Shapeshifting
  5625 | D:10     | Noticed Erica
  5635 | D:10     | Killed Erica
  5866 | D:11     | Identified the of Cear
  5866 | D:11     | Identified the of Kiheskei
  5866 | D:11     | Identified the "Kaaz"
  6050 | D:11     | Reached skill level 15 in Unarmed Combat
  6127 | Lair:1   | Entered Level 1 of the Lair of Beasts
  6127 | Lair:1   | Noticed a death yak
  6144 | Lair:1   | Killed a death yak
  6152 | Lair:1   | Noticed a death yak
  6171 | Lair:1   | Killed a death yak
  6250 | Lair:1   | Gained mutation: You are clumsy. (Dex -2) [Ru sacrifice]
  6253 | Lair:1   | Noticed Harold
  6265 | Lair:1   | Reached XP level 13. HP: 76/108 MP: 14/14
  6273 | Lair:1   | Killed Harold
  6449 | Lair:2   | Reached skill level 5 in Armour
  6695 | Lair:5   | Entered Level 5 of the Lair of Beasts
  6701 | Lair:5   | Reached skill level 16 in Unarmed Combat
  6771 | Lair:5   | Noticed Sonja
  6898 | Lair:4   | Killed Sonja
  6931 | Lair:4   | Noticed Josephine
  6940 | Lair:4   | Killed Josephine
  6949 | Lair:4   | Reached skill level 10 in Dodging
  7053 | Lair:4   | Reached skill level 10 in Fighting
  7057 | Lair:4   | Reached XP level 14. HP: 86/121 MP: 15/15
  7158 | Lair:5   | Found a staircase to the Slime Pits.
  7159 | Lair:5   | Found a viscous altar of Jiyva.
  7184 | Lair:5   | Noticed Rupert
  7186 | Lair:5   | Paralysed by Rupert for 3 turns
  7199 | Lair:5   | Slain by Rupert

Illustrated notes

Levels and vault maps discovered:
D:1:      eino_arrival_water_star, layout_basic,
          dreamdust_ecumenical_altar_grove, minmay_tiny_reverse_x
D:2:      layout_basic, minmay_door_square
D:3:      layout_basic, grunt_decor_cap
D:4:      layout_loops_ring, minivault_25, uniq_menkaure, uniq_robin,
          uniq_crazy_yiuf_cottage
D:5:      gammafunk_cloud_chamber, layout_cave_pools,
          minmay_temple_entry_sparse_star,
          mainiacjoe_ossuary_entry_find_the_door
D:6:      layout_basic
D:7:      minmay_the_grid_octo_tiled_octocenter [minmay_the_grid_octo_chip,
          minmay_the_grid_octo_fat_diamond,
          minmay_the_grid_octo_vomiting_pacman, minmay_the_grid_octo_clover,
          minmay_the_grid_octo_prize_single_spiral,
          minmay_the_grid_square_5x5_corner,
          minmay_the_grid_square_5x5_checkered_statues,
          minmay_the_grid_square_5x5_inset, minmay_the_grid_square_5x5_inner_v],
          layout_loops_cross, nicolae_hepliaklqana_hippocampus, serial_shops,
          nicolae_shop_getting_attention, shop_statue, dk_noncrumbling_4,
          lemuel_flame_loot_1, uniq_joseph, uniq_prince_ribbit1, uniq_jeremiah
D:8:      layout_gridville, marbit_many_paths, lair_entry_dummy,
          grunt_ministairs_2, water_maze_lemuel, uniq_pikel
D:9:      layout_basic, hiddenorc1_lemuel, nicolae_specific_store
D:10:     layout_loops_corners, serial_shops, shop, uniq_erica, uniq_psyche
D:11:     layout_cave_pools
Temple:   nicolae_temple_bog_church
Lair:1:   minmay_guarded_unrand_snakebite, layout_chaotic_city,
          grunt_megastairs_5, infiniplex_staircase_pool, uniq_harold
Lair:2:   layout_regular_city
Lair:3:   layout_regular_city, minmay_swamp_entry_worms,
          minmay_snake_entry_guardpost_small
Lair:4:   layout_long_grid, uniq_josephine
Lair:5:   gammafunk_lair_ancient_temple, layout_cave_shapes,
          nicolae_slime_entry_slimehenge, uniq_rupert, uniq_sonja

Skill      XL: |  1  2  3  4  5  6  7  8  9 10 11 12 13 14 |
---------------+-------------------------------------------+-----
Unarmed Combat | 4 5 6 7 8 9 11 12 14 15 16 | 16.8
Shapeshifting  | 4 5 6 7 8 9 10 11 | 11.9
Fighting       | 2 4 6 7 8 10 | 10.2
Dodging        | 3 4 6 7 8 10 | 10.4
Armour         | 2 4 6 7 |  7.2

Action                     |  1- 3 |  4- 6 |  7- 9 | 10-12 | 13-15 || total
---------------------------+-------+-------+-------+-------+-------++-------
  Melee: Unarmed           |    72 |   114 |   280 |   571 |   273 ||  1310
         Punch             |     2 |     5 |     6 |       |       ||    13
 Invoke: Sacrifice Essence |       |       |       |     1 |       ||     1
         Sacrifice Drink   |       |       |       |     1 |       ||     1
         Sacrifice Purity  |       |       |       |     1 |       ||     1
  Evoke: Wand              |       |       |       |    13 |     1 ||    14
    Use: Scroll            |       |     4 |    17 |     1 |     5 ||    27
         Potion            |       |     1 |     2 |     2 |     3 ||     8
   Stab: Distracted        |       |       |       |     2 |       ||     2
 Armour: Animal skin       |    13 |       |       |       |       ||    13
         Ring mail         |    24 |    67 |    83 |       |       ||   174
         Skin              |       |     1 |     1 |    12 |       ||    14
         Steam dragon scal |       |       |    45 |    92 |       ||   137
         Plate armour      |       |       |       |   214 |   239 ||   453
         Acid dragon scale |       |       |       |    27 |       ||    27
  Dodge: Dodged            |    28 |    57 |   141 |   298 |   137 ||   661
  Block: Other             |       |       |       |     1 |    73 ||    74
   Form: Flux              |       |       |     1 |       |       ||     1

Table legend: (Time is in decaauts)
 A = Elapsed time spent in this place.
 B = Non-inter-level travel time spent in this place.
 C = Inter-level travel time spent in this place.
 D = Time resting spent in this place.
 E = Time spent auto-exploring this place.
 F = Levels seen in this place.
 G = Mean time per level.
                   A        B        C        D        E       F      G
               +--------+--------+--------+--------+--------+-----+--------+
         Total |   6960 |   6727 |    233 |     97 |   3739 |  18 |  386.7 |
       Dungeon |   5529 |   5316 |    213 |     58 |   3337 |  11 |  502.6 |
        Temple |     52 |     33 |     19 |      0 |      0 |   1 |   52.0 |
          Lair |   1002 |   1002 |      0 |      0 |    262 |   5 |  200.4 |
       Ossuary |    376 |    376 |      0 |     39 |    140 |   1 |  376.0 |
               +--------+--------+--------+--------+--------+-----+--------+

Top non-repeatable levels by time:
    D:10: 797 daAuts
     D:8: 619 daAuts
     D:5: 589 daAuts
     D:4: 572 daAuts
  Lair:4: 522 daAuts
     D:6: 509 daAuts
     D:7: 488 daAuts
     D:3: 455 daAuts
     D:9: 443 daAuts
     D:2: 429 daAuts
     D:1: 427 daAuts
 Ossuary: 376 daAuts
    D:11: 197 daAuts
  Lair:1: 176 daAuts
  Lair:2: 124 daAuts
